AoeStats
← |GaoeG| flamingo

Arabia

509723876Analyzed
3v3 RM · 4d ago on Sep 27, 2026· 37m 39s· 6 players
Game mode
Random Map
Map size
Normal (6 player)
Population
200
Speed
Normal
Resources
Standard
Victory
Conquest
Starting age
Dark Age
Ending age
Imperial Age
RankedLock teamsTeams togetherTeam positionsShared explorationLock speedFull tech treeHidden civsTurbo modeCheats
Victory
Defeat
🇪🇸 Mongols · Spain
1299
+11
🇪🇸 Wei · Spain
1179
+16
🇪🇸 Franks · Spain
803
+29
🇫🇷 Franks · France
1188
-19
🇺🇸 Shu · United States
1162
-19
🇪🇸 Portuguese · Spain
1142
-18
R2Shef2
3:32 Loom
11:09 Feudal Age
11:39 Double-Bit Axe
11:43 Horse Collar
13:16 Gold Mining
17:35 Fletching
25:24 Castle Age
25:15 Padded Archer Armor
25:55 Wheelbarrow
26:17 Bow Saw
25:36 Crossbowman
26:12 Bodkin Arrow
27:41 Gold Shaft Mining
27:29 Bow Saw
31:05 Leather Archer Armor
35:14 Thumb Ring
38:40 Imperial Age
37:29 Hand Cart
sasha
3:20 Loom
9:50 Feudal Age
11:21 Double-Bit Axe
13:01 Wheelbarrow
14:16 Scale Barding Armor
22:05 Castle Age
20:35 Gold Mining
21:51 Forging
23:16 Chain Barding Armor
23:22 Husbandry
27:48 Iron Casting
32:26 Bow Saw
33:23 Gold Shaft Mining
35:39 Hand Cart
Barbas_97
7:47 Loom
9:51 Feudal Age
10:58 Double-Bit Axe
13:26 Fletching
14:38 Town Watch
18:19 Wheelbarrow
18:49 Padded Archer Armor
22:02 Horse Collar
27:42 Castle Age
26:56 Gold Mining
27:49 Crossbowman
28:35 Thumb Ring
28:29 Bodkin Arrow
28:29 Elite Skirmisher
30:14 Ballistics
30:46 Leather Archer Armor
|GaoeG| flamingo
6:37 Loom
9:29 Feudal Age
10:14 Double-Bit Axe
10:19 Horse Collar
18:25 Wheelbarrow
18:46 Bloodlines
19:36 Forging
19:35 Scale Barding Armor
25:24 Castle Age
23:29 Gold Mining
26:10 Husbandry
25:30 Light Cavalry
26:56 Iron Casting
26:42 Chain Barding Armor
31:58 Gold Shaft Mining
31:36 Bow Saw
JITANOmaleant7
7:54 Feudal Age
8:16 Loom
8:23 Double-Bit Axe
16:16 Fletching
23:53 Castle Age
24:36 Bodkin Arrow
25:27 Bloodlines
25:21 Husbandry
25:42 Bow Saw
25:33 Gold Mining
28:59 Ballistics
29:11 Thumb Ring
29:54 Padded Archer Armor
34:27 Bloodlines
claran33
11:28 Feudal Age
11:23 Loom
12:12 Double-Bit Axe
14:31 Wheelbarrow
23:10 Castle Age
28:06 Stone Mining
29:54 Hand Cart
30:30 Bow Saw
33:26 Forging
33:22 Scale Barding Armor
34:12 Gold Mining
Connection lost

Rejoining the realm…

Still unreachable

The connection could not be restored.

Session expired

The server has moved on; the page needs a fresh start.